 Dungeon Crawl Stone Soup version 0.18.1-48-g4cf74bf (webtiles) character file.

398 Kisielow the Insei (level 6, -1/48 HPs)
             Began as a Merfolk Transmuter on June 26, 2016.
             Slain by Anmu's ghost (4 damage)
             ... on level 4 of the Dungeon.
             The game lasted 00:08:23 (3792 turns).

Kisielow the Insei (Merfolk Transmuter)             Turns: 3792, Time: 00:08:24

Health: -1/48      AC:  4    Str: 10    XL:     6   Next: 83%
Magic:  8/8        EV: 12    Int: 14    God:
Gold:   197        SH:  0    Dex: 15    Spells: 2 memorised, 1 level left

rFire  . . .     SeeInvis .       - Unarmed
rCold  . . .     Gourm    .     b - +0 robe
rNeg   . . .     Faith    .     (no shield)
rPois  .         Spirit   .     (no helmet)
rElec  .         Dismiss  .     e - +0 cloak
rCorr  .         Reflect  .     (no gloves)
SustAt .         Harm     .     f - +0 pair of boots
MR     .....                    (no amulet)
Stlth  +.........               (no ring)
                                (no ring)

@: heavily drained, not resistant to hostile enchantments, very unstealthy
A: change form in water, swift swim, low mp 1, robust 1
a: no special abilities


You were on level 4 of the Dungeon.
You were hungry.

You visited 1 branch of the dungeon, and saw 5 of its levels.

You collected 197 gold pieces.

Inventory:

Missiles
 a - 53 arrows
Armour
 b - a +0 robe (worn)
 e - a +0 cloak (worn)
 f - a +0 pair of boots (worn)
Wands
 x - a wand of paralysis (13/24)
 z - a wand of paralysis (10/24)
Scrolls
 o - 3 scrolls of identify
 q - a scroll of teleportation
Potions
 m - a potion of might {unknown}
 n - a potion of haste {unknown}
 r - a potion of heal wounds {unknown}
 v - a potion of curing {unknown}
 A - a potion of brilliance
Books
 c - a book of Changes

   Spells                             Type                      Level
   a - Beastly Appendage              Transmutation                1
   b - Sticks to Snakes               Transmutation                2
   c - Spider Form                    Transmutation/Poison         3
   d - Ice Form                       Ice/Transmutation            4
   e - Blade Hands                    Transmutation                5
Comestibles
 d - 3 bread rations
 l - 3 beef jerkies
 p - 3 meat rations
 B - a royal jelly
 C - 2 fruits


   Skills:
 + Level 2.1(0.0) Fighting
 + Level 3.9(1.4) Dodging
 * Level 5.5(2.9) Unarmed Combat
 - Level 2.0(0.0) Spellcasting
 - Level 5.2(2.6) Transmutations
 - Level 3.0(0.6) Poison Magic


You had one spell level left.
You knew the following spells:

 Your Spells              Type           Power        Failure   Level  Hunger
q - Spider Form           Trmt/Pois      #.........   47%         3    ####...
w - Blade Hands           Trmt           #.........   100%        5    ######.


Dungeon Overview and Level Annotations

Branches:
Dungeon (5/15)
 Temple: D:4-7

Altars:

Annotations:
D:4 Anmu's ghost, novice FoAs
D:5 Grinder


Innate Abilities, Weirdness & Mutations

You revert to your normal form in water.
You are very nimble and swift while swimming.
Your magical capacity is low (-10% MP).
You are robust (+10% HP).


Message History

You barely miss Anmu's ghost.
Anmu's ghost is severely damaged.
Anmu's ghost closely misses you.
You hit Anmu's ghost.
Anmu's ghost is severely damaged.
Your transformation has ended.
Your +0 cloak unmelds from your body.
Your +0 pair of boots unmelds from your body.
Your +0 robe unmelds from your body.
Anmu's ghost hits you.
* * * LOW HITPOINT WARNING * * *
You feel drained.
* * * LOW HITPOINT WARNING * * *
Drink which item? (? for menu, Esc to quit)
It was a potion of cure mutation.
It has a very clean taste.
Nature stops experimenting on you. Anmu's ghost barely misses you.
Drink which item? (? for menu, Esc to quit)
It was a potion of cancellation.
You feel magically purged. Anmu's ghost hits you.
You die...

#...... #...###..#####
#......##...###..##..#
#......'.............#
#......#.>...........'
##......#.............#
#)......#.............#
.......#'########....#
#.......#.#########
#.@.(...#.........#
#.W.....#.........#
#.......#.........#
####.......#..###....#
.....%.....###..###....#
........[).#.....#......
.........).#.......#####
...........#.......##...
.........).#.......#....


You could see Anmu's ghost.

Vanquished Creatures
  An ogre (D:4)
  2 howler monkeys (D:4)
  An iguana (D:4)
  A hound skeleton (D:4)
  6 adders
  2 oozes
  An adder skeleton (D:4)
  5 worms
  3 dart slugs
  4 giant geckos
  12 orcs
  2 bats (D:2)
  10 giant cockroaches
  7 goblins
  9 hobgoblins
  5 jackals
  4 quokkas
  A ball python (D:3)
  4 giant newts
  10 kobolds
  11 rats
101 creatures vanquished.

Notes
Turn   | Place    | Note
--------------------------------------------------------------
     0 | D:1      | Kisielow the Merfolk Transmuter began the quest for the Orb.
     0 | D:1      | Reached XP level 1. HP: 15/15 MP: 3/3
    67 | D:1      | Reached XP level 2. HP: 18/21 MP: 5/5
   219 | D:1      | Reached XP level 3. HP: 21/26 MP: 6/6
   228 | D:1      | Learned a level 3 spell: Spider Form
   629 | D:1      | Reached skill level 1 in Poison Magic
  1070 | D:2      | Reached XP level 4. HP: 29/32 MP: 7/7
  1854 | D:3      | Reached XP level 5. HP: 37/37 MP: 8/8
  2568 | D:4      | Reached skill level 5 in Transmutations
  2819 | D:4      | Noticed Anmu's ghost (novice FoAs)
  2837 | D:5      | Entered Level 5 of the Dungeon
  2837 | D:5      | Noticed Grinder
  2837 | D:5      | Noticed an ogre
  2907 | D:4      | Reached XP level 6. HP: 41/43 MP: 5/9
  3102 | D:4      | Reached skill level 5 in Unarmed Combat
  3408 | D:3      | Learned a level 5 spell: Blade Hands
  3785 | D:4      | Gained mutation: You evolve. [potion of mutation]
  3785 | D:4      | Gained mutation: Your magical capacity is low (-10% MP). [potion of mutation]
  3785 | D:4      | Gained mutation: You are robust (+10% HP). [potion of mutation]
  3787 | D:4      | HP: 2/48 [Anmu's ghost (1)]
  3791 | D:4      | Lost mutation: You evolve. [potion of cure mutation]
  3792 | D:4      | Slain by Anmu's ghost

Skill      XL: |  1  2  3  4  5  6 |
---------------+-------------------+-----
Unarmed Combat | 4 5 |  5.5
Transmutations | 3 5 |  5.2
Poison Magic   | 1 2 3 |  3.0
Dodging        | 3 |  3.9
Fighting       | 2 |  2.1
Spellcasting   | |  2.0

Action                   |  1- 3 |  4- 6 || total
-------------------------+-------+-------++-------
Melee: Unarmed           |   144 |   243 ||   387
       Headbutt          |     1 |       ||     1
       Punch             |       |     3 ||     3
 Cast: Beastly Appendage |     2 |       ||     2
       Spider Form       |       |    15 ||    15
  Use: Scroll            |       |    11 ||    11
       Potion            |       |     3 ||     3
 Stab: Sleeping          |     1 |     2 ||     3
  Eat: Chunk             |     1 |    10 ||    11
Armor: Robe              |    31 |    26 ||    57
       Skin              |       |    11 ||    11
Dodge: Dodged            |   103 |   179 ||   282
